 Dungeon Crawl Stone Soup version 0.29-a0-824-gd827844252 (webtiles) character file.

Game seed: 11897115295819299978

1640 Querens the Shield-Bearer (level 9, 0/70 HPs)
             Began as a Meteoran Fighter on July 10, 2022.
             Slain by an orc warrior
             ... wielding a +0 glaive
              (14 damage)
             ... on level 7 of the Dungeon.
             The game lasted 00:11:44 (3313 turns).

Querens the Shield-Bearer (Meteoran Fighter)        Turns: 3313, Time: 00:11:44

Health: 0/70       AC: 16    Str: 22    XL:     9   Next: 41%
Magic:  10/10      EV:  7    Int:  9    God:
Gold:   320        SH: 11    Dex: 15    Spells: 8/8 levels left

rFire   . . .      SeeInvis .   a - +0 war axe
rCold   . . .      Faith    .   c - +0 buckler
rNeg    . . .      Spirit   .   f - +0 chain mail
rPois   .          Reflect  +   (helmet restricted)
rElec   .          Harm     .   o - +0 cloak
rCorr   .          Rampage  .   (no gloves)
Will    +....                   (no boots)
Stlth   ..........              i - amulet of reflection
HPRegen 0.21/turn               x - +4 ring of protection
MPRegen 0.12/turn               (no ring)

@: glowing
A: sense surroundings 2, otherworldly, glowing, explore regen, horns 1, frail 1,
mutation resistance 1, noise suppression
a: no special abilities


You were on level 7 of the Dungeon.
You visited 2 branches of the dungeon, and saw 8 of its levels.
You also visited: Sewer.

You collected 320 gold pieces.

Inventory:

Hand Weapons
 a - a +0 war axe (weapon)
Missiles
 s - 2 silver javelins (quivered)
Armour
 c - a +0 buckler (worn)
 f - a +0 chain mail (worn)
 o - a +0 cloak (worn)
Jewellery
 i - an amulet of reflection (around neck)
 v - an amulet of magic regeneration
 x - a +4 ring of protection (left hand)
Wands
 h - a wand of digging (5)
 y - a wand of mindburst (9)
Scrolls
 e - 4 scrolls of fear
 m - 2 scrolls of vulnerability {unknown}
 n - 4 scrolls of teleportation
 r - a scroll of immolation {unknown}
 t - 4 scrolls of enchant weapon {unknown}
 w - a scroll of silence {unknown}
 B - a scroll of amnesia {unknown}
 C - a scroll of fog {unknown}
Potions
 b - a potion of mutation
 j - 3 potions of invisibility
 k - a potion of ambrosia {unknown}
 l - a potion of lignification {unknown}
 p - 3 potions of attraction {unknown}
 q - 2 potions of berserk rage {unknown}
 u - 2 potions of brilliance
 z - a potion of cancellation {unknown}
 A - 2 potions of degeneration {unknown}


   Skills:
 + Level 6.9 Fighting
 + Level 7.0 Axes
 + Level 7.5 Armour
 + Level 7.5 Shields


You had 8 spell levels left.
You didn't know any spells.
Your spell library contained the following spells:

 Spells                   Type           Power      Damage    Failure   Level
 Blink                    Tloc           0%         N/A       99%         2
 Dazzling Flash           Conj/Hex       0%         N/A       100%        3
 Anguish                  Hex/Necr       0%         N/A       100%        4
 Agony                    Necr           0%         N/A       100%        5
 Manifold Assault         Tloc           0%         N/A       100%        5
 Silence                  Hex/Air        0%         N/A       100%        5
 Enfeeble                 Hex            0%         N/A       100%        7
 Storm Form               Tmut/Air       0%         N/A       100%        7


Dungeon Overview and Level Annotations

Branches:
Dungeon (7/15) Zot: 848    Temple (1/1) D:5 Zot: 574   Sewer (visited)

Altars:
Elyvilon
Fedhas
Gozag
Hepliaklqana
Kikubaaqudgha
Makhleb
Qazlal
Ru
Sif Muna
Trog
Uskayaw
Vehumet
Wu Jian
Xom
Yredelemnul
The Shining One

Shops:
D:4 :

Annotations:
D:7 3 runed translucent doors, Thjof's ghost, novice DECj


Innate Abilities, Weirdness & Mutations

You passively map the area around you.
You are easily found by Zot.
You glow in the dark.
You regain HP and MP as you explore.
You have a pair of small horns on your head.
You are frail. (-10% HP)
You are somewhat resistant to further mutation.
You passively dampen the noise of your surroundings.


Message History

The orc priest hits you but does no damage.
The orc warrior hits you with a +0 glaive.
Unknown command.
Unknown command.
Unknown command.
You closely miss the orc priest.
The orc priest is heavily wounded.
You closely miss the orc warrior.
The orc priest hits you with a +0 hand axe.
The orc warrior hits you with a +0 glaive.
* * * LOW HITPOINT WARNING * * *
Unknown command.
Unknown command.
You slash the orc priest!
You kill the orc priest!
You barely miss the orc warrior.
The orc warrior hits you with a +0 glaive!
* * * LOW HITPOINT WARNING * * *
Unknown command.
Unknown command.
You feel better. You block the orc warrior's attack.
It was a potion of mutation.
You feel extremely strange. A pair of horns grows on your head!
You feel frail.
You feel genetically stable.
You feel your surroundings grow quieter.
You block the orc warrior's attack.
You barely miss the orc warrior.
The orc warrior is lightly wounded.
You block the orc warrior's attack.
The orc warrior hits you with a +0 glaive!
* * * LOW HITPOINT WARNING * * *
You feel better.
The orc warrior hits you but does no damage.
You barely miss the orc warrior. Your headbutt misses the orc warrior.
The orc warrior is lightly wounded.
You block the orc warrior's attack.
You closely miss the orc warrior. You headbutt the orc warrior.
The orc warrior is moderately wounded.
The orc warrior hits you with a +0 glaive!
You die...

, , , ,, * , ,
* ,#.. K#..# *
,+ #8. K#.8# ,
, *#KK#K#.P# .
* ##KKKWK##..,
, , * ##+++##.
* * ,..... , ,
######))#####.
* ,,, ,
#....)@)......
, *
#.....o..####.
, ,
#..<......... ,
, *
#.#.#####.....*
* , , , # #.#
..... , , * *
#.# .... ,
,,#.# * ... * ,
* #.# ,... , ,
,* * #.# , ,


You could see a kobold demonologist, an orc warrior, 8 kobold brigands and
Thjof's ghost.

Vanquished Creatures
  3 water moccasins
  3 black bears
  An ogre (D:6)
  A phantom (D:6)
  Blork the orc (D:6)
  2 scorpions (D:5)
  A howler monkey (D:6)
  2 vampire bats (D:4)
  6 hounds
  A jelly (D:4)
  An orc priest (D:7)
  Ijyb (D:5)
  2 iguanas
  An orc wizard (D:4)
  A hell rat (Sewer)
  11 adders
  2 river rats (Sewer)
  A shadow imp (D:6)
  2 worms (D:3)
  A dart slug (D:4)
  6 orcs
  4 bats
  A bat skeleton (D:4)
  5 bat zombies (D:4)
  4 endoplasms
  8 giant cockroaches
  9 goblins
  2 hobgoblins
  10 jackals
  3 kobolds
  5 quokkas
  9 ball pythons
  4 frilled lizards
  8 rats
122 creatures vanquished.

Vanquished Creatures (others)
  2 fungi (D:7)
  A plant (D:7)
3 creatures vanquished.

Grand Total: 125 creatures vanquished

Notes
Turn   | Place    | Note
-------+----------+-------------------------------------------
     0 | D:1      | Querens the Meteoran Fighter began the quest for the Orb.
     0 | D:1      | Reached XP level 1. HP: 19/19 MP: 2/2
   121 | D:1      | Found a faded altar of an unknown god.
   270 | D:1      | Reached XP level 2. HP: 26/26 MP: 3/3
   473 | D:1      | Glimpsed the power of Zot.
   518 | D:1      | Glimpsed the power of Zot.
   565 | D:2      | Reached XP level 3. HP: 30/31 MP: 4/4
   673 | D:2      | Reached XP level 4. HP: 40/40 MP: 5/5
   975 | D:3      | Reached XP level 5. HP: 46/46 MP: 6/6
  1085 | D:3      | Found a glowing drain.
  1096 | Sewer    | Entered a sewer
  1137 | Sewer    | Reached XP level 6. HP: 13/53 MP: 7/7
  1196 | D:3      | Found a stormy altar of Qazlal.
  1390 | D:3      | Found a glowing golden altar of the Shining One.
  1547 | D:4      | Reached skill level 5 in Armour
  1549 | D:4      | Reached skill level 5 in Shields
  1714 | D:4      | Found Weleluc's Book Emporium.
  1720 | D:4      | Found a hide-covered altar of Uskayaw.
  1828 | D:4      | Noticed a black bear
  1836 | D:4      | Killed a black bear
  1837 | D:4      | Reached XP level 7. HP: 57/60 MP: 8/8
  1914 | D:4      | Identified the +6 leather armour "Ralluuv" {-Tele rPois rN+
                  | Str+6}
  1919 | D:4      | Reached skill level 5 in Fighting
  1986 | D:4      | Found an ancient bone altar of Kikubaaqudgha.
  2008 | D:4      | Reached skill level 5 in Axes
  2066 | D:4      | Found a hazy altar of Hepliaklqana.
  2121 | D:5      | Entered Level 5 of the Dungeon
  2163 | D:5      | Reached XP level 8. HP: 29/69 MP: 9/9
  2375 | D:5      | Found a staircase to the Ecumenical Temple.
  2388 | Temple   | Entered the Ecumenical Temple
  2421 | D:5      | Noticed Ijyb
  2436 | D:5      | Killed Ijyb
  2826 | D:6      | Gained mutation: You passively map the area around you.
                  | [Meteoran growth]
  2826 | D:6      | Reached XP level 9. HP: 59/77 MP: 10/10
  2954 | D:6      | Found a shimmering altar of Xom.
  3236 | D:6      | Noticed Blork the orc
  3251 | D:6      | Killed Blork the orc
  3291 | D:7      | Found a runed translucent gate.
  3291 | D:7      | Found a runed translucent gate.
  3292 | D:7      | Found a runed translucent gate.
  3292 | D:7      | Noticed a kobold demonologist
  3292 | D:7      | Noticed Thjof's ghost (novice DECj)
  3309 | D:7      | Gained mutation: You have a pair of small horns on your
                  | head. [potion of mutation]
  3309 | D:7      | Gained mutation: You are frail. (-10% HP) [potion of
                  | mutation]
  3309 | D:7      | Gained mutation: You are somewhat resistant to further
                  | mutation. [potion of mutation]
  3309 | D:7      | Gained mutation: You passively dampen the noise of your
                  | surroundings. [potion of mutation]
  3313 | D:7      | Slain by an orc warrior

Illustrated notes

Levels and vault maps discovered:
D:1:      erik_arrival_triangle_huge, layout_loops_ring, serial_rivers,
          chequers_serial_rivers_marsh, chequers_serial_rivers_micro_d,
          chequers_serial_rivers_micro_c, chequers_serial_rivers_micro_c,
          chequers_serial_rivers_micro_b, chequers_serial_rivers_large_a,
          shapermc_ecumenical_altar_acropolis, minmay_misc_feat_pillars,
          serial_bayou_crossing
D:2:      layout_basic
D:3:      layout_rooms, mainiacjoe_overflow_24_doors, tso_oasis_becter,
          portal_sewer_entry_e
D:4:      layout_basic, kennysheep_vampire_church,
          nicolae_uskayaw_murder_on_the_dancefloor,
          mainiacjoe_overflow_alcove_1, serial_shops, shop_fountains
D:5:      layout_gridville, minmay_temple_entry_grid, uniq_ijyb
D:6:      layout_basic, mainiacjoe_overflow_chevrons, uniq_blork_the_orc
D:7:      layout_basic, kennysheep_slug_shrine, gammafunk_ghost_nasty_kobolds
Temple:   eino_temple_lava

Skill      XL: |  1  2  3  4  5  6  7  8  9 |
---------------+----------------------------+-----
Armour         | 4 5 6 7 |  7.5
Shields        | 4 5 6 7 |  7.5
Axes           | 3 4 5 6 7 |  7.0
Fighting       | 4 5 6 |  6.9

Action                   |  1- 3 |  4- 6 |  7- 9 || total
-------------------------+-------+-------+-------++-------
Melee: War axe           |    66 |   138 |   205 ||   409
       Headbutt          |       |       |     1 ||     1
  Use: Potion            |       |     1 |     5 ||     6
       Scroll            |       |     2 |     4 ||     6
Armor: Scale mail        |    35 |    77 |   101 ||   213
       Chain mail        |       |       |    52 ||    52
Dodge: Dodged            |    27 |    51 |    70 ||   148
Block: Buckler           |    41 |   100 |   150 ||   291
       Reflection        |     3 |       |       ||     3

Table legend: (Time is in decaauts)
 A = Elapsed time spent in this place.
 B = Non-inter-level travel time spent in this place.
 C = Inter-level travel time spent in this place.
 D = Time resting spent in this place.
 E = Time spent auto-exploring this place.
 F = Levels seen in this place.
 G = Mean time per level.
                   A        B        C        D        E       F      G
               +--------+--------+--------+--------+--------+-----+--------+
         Total |   3464 |   3270 |    194 |      0 |      0 |   9 |  384.9 |
       Dungeon |   3350 |   3159 |    191 |      0 |      0 |   7 |  478.6 |
        Temple |     25 |     22 |      3 |      0 |      0 |   1 |   25.0 |
         Sewer |     88 |     88 |      0 |      0 |      0 |   1 |   88.0 |
               +--------+--------+--------+--------+--------+-----+--------+

Top non-repeatable levels by time:
     D:4: 637 daAuts
     D:6: 603 daAuts
     D:5: 576 daAuts
     D:1: 574 daAuts
     D:3: 493 daAuts
     D:2: 441 daAuts
   Sewer: 88 daAuts
  Temple: 25 daAuts
     D:7: 24 daAuts
